 Dungeon Crawl Stone Soup version 0.32-a0-128-g77eb882913 (webtiles) character file.

Game seed: 2106634415404595540

85393 zeratav the Warrior (level 15, -4/176 HPs)
             Began as an Oni Warper on Feb 7, 2024.
             Was the Champion of the Shining One.
             Killed from afar by a deep elf knight (26 damage)
             ... with a lance of force
             ... on level 1 of the Elven Halls.
             The game lasted 01:46:00 (39730 turns).

zeratav the Warrior (Oni Warper)                   Turns: 39730, Time: 01:46:00

Health: -4/176     AC:  5    Str: 37    XL:     15   Next: 83%
Magic:  1/23       EV: 12    Int: 14    God:    the Shining One [******]
Gold:   1799       SH:  0    Dex:  8    Spells: 8/18 levels left

rFire   . . .        s - +0 giant club {mace}
rCold   . . .        (shield currently unavailable)
rNeg    + + +        V - +0 robe {Will+}
rPois   .            (helmet restricted)
rElec   .            F - +1 cloak
rCorr   .            (gloves unavailable)
SInv    .            (boots unavailable)
Will    ++...        (no amulet)
Stlth   +            c - +6 ring of strength
HPRegen 0.49/turn    A - +6 ring of strength
MPRegen 0.18/turn

%: no passive effects
@: on blink cooldown, glowing
A: large, unfitting armour, horns 1, tough skin 1, double potion healing,
drunken brawling
a: Renounce Religion, Divine Shield, Cleansing Flame, Summon Divine Warrior,
Brand Weapon With Holy Wrath


You were on level 1 of the Elven Halls.
You worshipped the Shining One.
The Shining One was exalted by your worship.
You visited 5 branches of the dungeon, and saw 21 of its levels.
You also visited: Ice Cave.

You collected 2144 gold pieces.
You spent 345 gold pieces at shops.


Innate Abilities, Weirdness & Mutations

You are too large for most types of armour.
You have a pair of small horns on your head.
You have tough skin. (AC +1)
You gain doubled healing and magic from potions.
Whenever you drink a healing potion, you attack all around you.


   Skills:
 + Level 18.1 Fighting
 + Level 14.0 Maces & Flails
 + Level 9.3 Throwing
 - Level 10.0 Dodging
 - Level 2.4 Spellcasting
 - Level 11.0 Translocations
 - Level 10.8 Invocations


You had 8 spell levels left.
You knew the following spells:

 Your Spells              Type           Power      Damage    Failure   Level
a - Blink                 Tloc           64%        N/A       1%          2
b - Manifold Assault      Tloc           32%        N/A       2%          4
c - Passage of Golubria   Tloc           32%        N/A       2%          4

Your spell library contained the following spells:

 Spells                   Type           Power      Damage    Failure   Level
 Lesser Beckoning         Tloc           64%        N/A       1%          2
 Gell's Gravitas          Tloc           32%        N/A       1%          3
 Teleport Other           Tloc           32%        N/A       1%          3
 Momentum Strike          Conj/Tloc      34%        3d8       3%          2
 Magic Dart               Conj           4%         1d3       22%         1
 Sting                    Conj/Alch      4%         1d3       22%         1
 Summon Small Mammal      Summ           4%         N/A       22%         1
 Vhi's Electric Charge    Tloc/Air       34%        N/A       24%         4
 Call Imp                 Summ           2%         N/A       34%         2
 Mercury Vapours          Alch/Air       2%         N/A       34%         2
 Call Canine Familiar     Summ           1%         N/A       56%         3
 Frozen Ramparts          Ice            2%         1d1       56%         3
 Fugue of the Fallen      Necr           1%         N/A       56%         3
 Ozocubu's Armour         Ice            1%         N/A       56%         3
 Summon Ice Beast         Ice/Summ       1%         N/A       56%         3
 Tukima's Dance           Hex            1%         N/A       56%         3
 Anguish                  Hex/Necr       0%         N/A       92%         4
 Cause Fear               Hex            0%         N/A       92%         4
 Olgreb's Toxic Radiance  Alch           1%         N/A       92%         4
 Summon Blazeheart Golem  Fire/Summ      1%         N/A       92%         4
 Arcjolt                  Conj/Air       0%         1d10      99%         5
 Metabolic Englaciation   Hex/Ice        0%         N/A       99%         5
 Summon Mana Viper        Hex/Summ       1%         N/A       99%         5
 Yara's Violent Unravell  Hex/Alch       0%         3d3       99%         5
 Sculpt Simulacrum        Ice/Alch       0%         N/A       100%        6
 Enfeeble                 Hex            0%         N/A       100%        7
 Monstrous Menagerie      Summ           0%         N/A       100%        7
 Lehudib's Crystal Spear  Conj/Erth      0%         10d2      100%        8
 Maxwell's Capacitive Co  Air            0%         ∞         100%        8
 Shatter                  Erth           0%         3d5*      100%        9

Inventory:

Hand Weapons
 s - a +0 giant club (weapon) {mace}
   (You took it off a two-headed ogre on level 10 of the Dungeon)
 J - a +1 giant spiked club {mace}
   (You took it off a two-headed ogre on level 11 of the Dungeon)
 N - a +4 dire flail {mace}
   (You took it off Lodul on level 12 of the Dungeon)
 R - a +1 great mace {mace}
   (You took it off an orc warlord on level 2 of the Orcish Mines)
Missiles
 d - 10 darts of dispersal {=fthrowing}
 g - 17 large rocks {=fthrowing}
 i - 30 poisoned darts (quivered) {throwing}
 I - 4 curare-tipped darts {=fthrowing}
 K - 3 atropa-tipped darts {throwing}
 Y - 17 boomerangs {throwing}
Armour
 l - a scarf of repulsion
   (You found it on level 1 of the Dungeon)
 E - a +3 troll leather armour
   (You found it on level 11 of the Dungeon)
 F - a +1 cloak (worn)
   (You took it off Crazy Yiuf on level 6 of the Dungeon)
 V - a +0 robe of willpower (worn)
   (You took it off an orc wizard on level 1 of the Orcish Mines)
 X - a +1 robe of cold resistance
   (You took it off an orc wizard on level 2 of the Orcish Mines)
Jewellery
 c - a +6 ring of strength (left hand)
   (You found it on level 5 of the Dungeon)
 t - a ring of resist corrosion
   (You found it on level 4 of the Dungeon)
 v - a ring of poison resistance
   (You found it on level 4 of the Dungeon)
 A - a +6 ring of strength (right hand)
   (You found it on level 10 of the Dungeon)
 O - a ring of fire
   (You found it on level 1 of the Lair of Beasts)
Wands
 m - a wand of flame (23)
   (You took it off Jessica on level 2 of the Dungeon)
 r - a wand of roots (33)
   (You took it off Ijyb on level 3 of the Dungeon)
 C - a wand of light (16)
   (You found it on level 5 of the Dungeon)
 W - a wand of digging (2)
   (You found it on level 2 of the Lair of Beasts)
Scrolls
 e - 4 scrolls of immolation {!r!r}
 f - a scroll of blinking {!r}
 j - 4 scrolls of teleportation {@r4}
 p - 2 scrolls of summoning
 q - a scroll of fear
 w - a scroll of amnesia
 L - 8 scrolls of vulnerability {!r!r}
 Q - 3 scrolls of identify {@r1}
 U - 2 scrolls of fog
Potions
 h - a potion of lignification {!q}
 k - 7 potions of ambrosia
 n - 5 potions of might
 o - a potion of heal wounds {@q2}
 u - 4 potions of enlightenment
 x - 10 potions of curing {@q1}
 z - a potion of berserk rage {!q}
 B - 6 potions of brilliance
 G - 4 potions of mutation {!q}
 M - a potion of resistance
 P - 2 potions of attraction {!q}
 S - a potion of magic
 Z - 3 potions of haste {@q3}
Miscellaneous
 y - a phial of floods
   (You found it in an ice cave)
 T - a phantom mirror
   (You found it in an ice cave)

Dungeon Overview and Level Annotations

Branches:
Dungeon (12/15) Zot: 24623  Temple (1/1) D:7 Zot: 5967    Lair (5/5) D:8 Zot: 18628
 Shoals (0/4) Lair:3       Spider (0/4) Lair:3        Slime (0/5) Lair:4
    Orc (2/2) D:12 Zot: 6295     Elf (1/3) Orc:2 Zot: 3890   IceCv (visited)

Altars:
Ashenzari
Cheibriados
Dithmenos
Elyvilon
Fedhas
Gozag
Hepliaklqana
Kikubaaqudgha
Makhleb
Nemelex Xobeh
Okawaru
Qazlal
Ru
Sif Muna
Trog
Uskayaw
Vehumet
Wu Jian
Xom
Yredelemnul
Zin
The Shining One

Shops:
D:6 ![   Orc:2 ?[((   Elf:1 (

Portals:
Trove: D:10 (give 2 scrolls of acquirement)

Annotations:
D:10 3 runed translucent doors
Lair:2 2 transporters

#########
>.......################
#######.....e.).........
#.########.###### ###
#@# #e# #§# #.# #.# #.#
#.# #######.# #.......#


You could see a deep elf knight (fast, invisible, very poisoned).


Message History

You lost 4 mp, and now have 15/23 mp.
Casting: Manifold Assault (mildly dangerous; 2% risk of failure)
Confirm with . or Enter, or press ? or * to list all spells.
You don't know that spell.
Casting: Manifold Assault (mildly dangerous; 2% risk of failure)
Confirm with . or Enter, or press ? or * to list all spells.
Space momentarily warps into an impossible shape!
You beat the deep elf archer like a drum!!!
You pound the deep elf zephyrmancer like an anvil!!!
You kill the deep elf zephyrmancer!
You hit the deep elf knight but do no damage.
HP[+1] MP[-4]
You lost 4 mp, and now have 11/23 mp.
Casting: Manifold Assault (mildly dangerous; 2% risk of failure)
Confirm with . or Enter, or press ? or * to list all spells.
Space momentarily warps into an impossible shape!
You hit the deep elf pyromancer. You closely miss the deep elf knight.
The deep elf knight points at you and mumbles some strange words.
The shard of ice hits you!!
HP[-20] MP[-4]
You take 20 damage, and now have 126/176 hp.
You lost 4 mp, and now have 7/23 mp.
Casting: Manifold Assault (mildly dangerous; 2% risk of failure)
Confirm with . or Enter, or press ? or * to list all spells.
Space momentarily warps into an impossible shape!
You barely miss the deep elf zephyrmancer.
You hit the deep elf pyromancer.
The deep elf knight casts a spell at you.
The shard of ice hits you!!
HP[-29] MP[-4]
You take 29 damage, and now have 97/176 hp.
You lost 4 mp, and now have 3/23 mp.
You bludgeon the deep elf knight!!
The deep elf knight hits you with a +0 short sword!
HP[-8]
You take 8 damage, and now have 89/176 hp.
You closely miss the deep elf knight.
The deep elf archer mumbles some strange words.
The deep elf archer blinks!
The deep elf knight hits you with a +0 short sword!
* * * LOW HITPOINT WARNING * * *
HP[-15] MP[+1]
You take 15 damage, and now have 74/176 hp.
You bludgeon the deep elf knight!!
You kill the deep elf knight!
HP[+1]
The deep elf zephyrmancer casts a spell.
The deep elf zephyrmancer blinks!
Casting: Manifold Assault (mildly dangerous; 2% risk of failure)
Confirm with . or Enter, or press ? or * to list all spells.
Space momentarily warps into an impossible shape!
You closely miss the deep elf zephyrmancer.
You bludgeon the deep elf pyromancer!!
You kill the deep elf pyromancer!
HP[+1] MP[-4]
You lost 4 mp, and now have 0/23 mp.
The deep elf knight gestures at you while chanting.
The lance of force hits you!!
* * * LOW HITPOINT WARNING * * *
You are knocked back by the lance of force.
HP[-25]
You take 25 damage, and now have 51/176 hp.
The deep elf knight casts a spell.
The deep elf knight flickers and vanishes for a moment.
HP[+1] MP[+1]
The deep elf knight casts a spell.
The deep elf knight seems to speed up.
HP[+1] HP[+1] HP[+1] MP[+1]
You see here a +2 glaive of venom {polearm}.
HP[+1] HP[+1] HP[+1] MP[+1] Throw: 31 darts (poison) {throwing}
Press: ? - help, Q - select action, (/) - cycle Shift-Dir - straight line, f - deep elf knight
Aim: a deep elf knight, wielding a +0 long sword and wearing a +0 ring mail (fast, slightly transparent, haloed, 64% to hit)
You throw a poisoned dart {throwing}.
The poisoned dart {throwing} hits the deep elf knight!
The deep elf knight is poisoned.
HP[+1]
You barely miss the deep elf knight.
You headbutt the deep elf knight, but do no damage.
The deep elf knight gestures at you while chanting.
The shard of ice misses you.
The deep elf knight hits you with a +0 long sword!!
* * * LOW HITPOINT WARNING * * *
HP[-18]
You take 18 damage, and now have 41/176 hp.
You sock the deep elf knight!
The deep elf knight hits you with a +0 long sword!!
* * * LOW HITPOINT WARNING * * *
HP[-20]
You take 20 damage, and now have 21/176 hp.
Casting: Manifold Assault (mildly dangerous; 2% risk of failure)
Confirm with . or Enter, or press ? or * to list all spells.
You blink.
The deep elf knight points at you and mumbles some strange words.
The lance of force hits you!!
You die...

Skill      XL: |  1  2  3  4  5  6  7  8  9 10 11 12 13 14 15 |
---------------+----------------------------------------------+-----
Fighting       | 3 4 5 7 8 9 12 14 16 18 | 18.1
Maces & Flails | 3 4 5 6 7 9 11 12 14 | 14.0
Translocations | 3 8 10 11 | 11.0
Dodging        | 7 10 | 10.0
Invocations    | 4 8 10 | 10.8
Throwing       | 2 7 9 |  9.3
Spellcasting   | |  2.4

Action                     |  1- 3 |  4- 6 |  7- 9 | 10-12 | 13-15 || total
---------------------------+-------+-------+-------+-------+-------++-------
  Melee: Mace              |   104 |   159 |    64 |       |       ||   327
         Headbutt          |    14 |    24 |    51 |   190 |   236 ||   515
         Punch             |     2 |     9 |    12 |    66 |    58 ||   147
         Flail             |       |    11 |   268 |   767 |   631 ||  1677
         Giant club        |       |       |       |       |   676 ||   676
         Giant spiked club |       |       |       |       |    55 ||    55
         Great mace        |       |       |       |       |     2 ||     2
  Throw: Dart              |       |       |       |     3 |    28 ||    31
         Boomerang         |       |       |       |       |     8 ||     8
   Cast: Blink             |       |       |     1 |    10 |     6 ||    17
         Manifold Assault  |       |       |    19 |    78 |   312 ||   409
 Invoke: Divine Shield     |       |       |       |     2 |       ||     2
  Evoke: Wand              |       |       |       |     7 |     1 ||     8
         Phial of floods   |       |       |       |       |     1 ||     1
    Use: Potion            |       |     3 |       |     5 |     2 ||    10
         Scroll            |       |       |     9 |     7 |    19 ||    35
   Stab: Sleeping          |       |     1 |       |       |       ||     1
 Armour: Robe              |    95 |   127 |   326 |   732 |   507 ||  1787
         Skin              |       |     3 |       |       |    11 ||    14
         Troll leather arm |       |       |       |       |   244 ||   244
  Dodge: Dodged            |    76 |    91 |   163 |   522 |   543 ||  1395
         Repelled          |     1 |     3 |     1 |     2 |       ||     7
  Block: Other             |       |       |       |    19 |       ||    19

Levels and vault maps discovered:
D:1:      onia_arrival_handbag, layout_loops_ring
D:2:      layout_basic, serial_corexii_hall, corexii_hall_statues_s,
          corexii_hall_statues_x, grunt_ministairs_3, hex_medium, uniq_jessica
D:3:      layout_basic, uniq_ijyb
D:4:      layout_cave_pools
D:5:      layout_basic, mainiacjoe_overflow_brackets,
          chequers_serial_rivers_small_a, minmay_starry_boxes
D:6:      layout_cave_pools, serial_shops, shop, nicolae_stop_n_shop_2,
          uniq_jeremiah, uniq_blork_the_orc, uniq_crazy_yiuf_cottage
D:7:      layout_cave_pods, grunt_temple_overflow_lords_of_destruction,
          minmay_temple_entry_large_hall, hangedman_abyss_or_decor_lesser_grid,
          minmay_stone_trees_medium
D:8:      cheibrodos_iron_armory, layout_layer_cave,
          mainiacjoe_overflow_alcove_2, erik_lair_orcish_takeover
D:9:      layout_cave_pools, uniq_psyche
D:10:     layout_stronghold, nicolae_trove_entry_free_sample,
          ploomutoo_gammafunk_ghost_potion_laboratory
D:11:     layout_rooms, uniq_josephine
D:12:     layout_small_grid, erik_orc_2, serial_ice, serial_ice_g, serial_ice_h,
          serial_ice_l, serial_ice_m, portal_ice_cave_rime, uniq_lodul
Temple:   regret_index_temple_mists
Lair:1:   lemuel_reptile_caves, layout_regular_city
Lair:2:   gammafunk_cloud_chamber, layout_hall_layers, beast_lair_carwin_3
Lair:3:   layout_cave_pods, minmay_shoals_entry_beasts,
          nicolae_spider_entry_non_spiders, gauntlet_entry_generic,
          beast_lair_carwin_6
Lair:4:   regret_index_bee_streams, layout_concentric_octagons,
          minmay_slime_entry_pillars, serial_bayou_pond_c,
          chequers_serial_rivers_small_a, tgw_fedhas
Lair:5:   gammafunk_lair_ancient_temple, layout_small_grid
Orc:1:    layout_caves, ebering_ghost_disaster_area,
          nicolae_orc_hostile_takeover
Orc:2:    grunt_orc_community_town_hall, layout_caves,
          grunt_orc_community_big_house_2, grunt_orc_community_big_house_2,
          grunt_orc_community_house_2, grunt_orc_community_house_1,
          grunt_orc_community_house_3, grunt_orc_community_house_2,
          grunt_orc_community_house_1, grunt_orc_community_house_3,
          nicolae_orc_stalacmites, nicolae_orc_minecarts
Elf:1:    layout_gridlike, portal_desolation_entry_nicolae_nacl, serial_shops,
          nicolae_shop_hallway_plus, minmay_elf_crystal_hexagon,
          minmay_shop_grove

Notes
Turn   | Place    | Note
-------+----------+-------------------------------------------
     0 | D:1      | zeratav the Oni Warper began the quest for the Orb.
     0 | D:1      | Reached XP level 1. HP: 22/22 MP: 3/3
     0 | D:1      | magus.rc [v1.9.6]
    88 | D:1      | Reached skill level 3 in Fighting
   210 | D:1      | You pick up a book of Spatial Translocations and begin
                  | reading...
   234 | D:1      | Reached XP level 2. HP: 29/31 MP: 5/5
   252 | D:1      | Learned a level 2 spell: Blink
   680 | D:1      | Reached XP level 3. HP: 39/39 MP: 6/6
   792 | D:1      | Reached skill level 4 in Fighting
   792 | D:1      | Reached skill level 3 in Maces & Flails
  1119 | D:2      | Noticed Jessica
  1140 | D:2      | Killed Jessica
  1141 | D:2      | Reached XP level 4. HP: 43/49 MP: 7/7
  1190 | D:2      | You pick up a book of Displacement and begin reading...
  2074 | D:3      | Reached skill level 5 in Fighting
  2074 | D:3      | Reached XP level 5. HP: 19/57 MP: 8/8
  2252 | D:3      | You pick up a book of Winter and begin reading...
  2252 | D:3      | You add the spells Ozocubu's Armour, Metabolic Englaciation
                  | and Sculpt Simulacrum to your library.
  2525 | D:3      | Noticed Ijyb
  2539 | D:3      | HP: 13/57 [poisoned by Ijyb]
  2542 | D:3      | HP: 6/85 [poisoned by Ijyb]
  2543 | D:3      | Killed Ijyb
  2544 | D:3      | Reached skill level 4 in Maces & Flails
  3267 | D:3      | Learned a level 4 spell: Manifold Assault
  3495 | D:4      | You pick up a book of Battle and begin reading...
  3547 | D:4      | Reached XP level 6. HP: 22/67 MP: 9/9
  3917 | D:5      | Entered Level 5 of the Dungeon
  4016 | D:5      | Reached skill level 6 in Fighting
  4329 | D:5      | Identified the +11 halberd of Ru, Hungering {spect, rElec
                  | rF- Will+ Str+3}
  4389 | D:5      | Reached skill level 5 in Maces & Flails
  4473 | D:5      | You add the spells Tukima's Dance, Passage of Golubria and
                  | Yara's Violent Unravelling to your library.
  4495 | D:5      | Reached skill level 7 in Fighting
  4495 | D:5      | Reached XP level 7. HP: 64/78 MP: 10/10
  4502 | D:5      | HP: 13/78 [phantom (12)]
  4986 | D:5      | Reached skill level 8 in Fighting
  4986 | D:5      | Reached skill level 6 in Maces & Flails
  5162 | D:5      | Reached skill level 3 in Translocations
  5461 | D:5      | Found a broken altar of Ashenzari.
  5572 | D:6      | Found a runed translucent door.
  5573 | D:6      | Noticed Crazy Yiuf
  5657 | D:6      | Killed Crazy Yiuf
  5799 | D:6      | Reached XP level 8. HP: 77/88 MP: 11/11
  5811 | D:6      | Reached skill level 4 in Translocations
  5819 | D:6      | Found Quomor's Distillery.
  6104 | D:6      | Bought a potion of curing for 39 gold pieces
  6104 | D:6      | Bought a potion of enlightenment for 65 gold pieces
  6104 | D:6      | Bought a potion of mutation for 104 gold pieces
  6104 | D:6      | Bought a potion of heal wounds for 65 gold pieces
  6350 | D:6      | Reached skill level 5 in Translocations
  6354 | D:6      | HP: 18/72 [wight/+0 trident (1)]
  6713 | D:6      | Found Romuum's Antique Armour Emporium.
  6721 | D:6      | Noticed Blork the orc
  6761 | D:5      | Reached skill level 6 in Translocations
  7274 | D:6      | Killed Blork the orc
  7275 | D:6      | Reached skill level 7 in Translocations
  7343 | D:6      | Noticed Jeremiah
  7418 | D:6      | Killed Jeremiah
  7419 | D:6      | Reached skill level 8 in Translocations
  7419 | D:6      | Reached XP level 9. HP: 43/96 MP: 12/12
  7633 | D:6      | You add the spells Sting, Mercury Vapours and Olgreb's
                  | Toxic Radiance to your library.
  8421 | D:7      | Reached skill level 9 in Translocations
  8616 | D:7      | Found a staircase to the Ecumenical Temple.
  8624 | Temple   | Entered the Ecumenical Temple
  8640 | Temple   | Became a worshipper of the Shining One
  8766 | D:7      | Found a burning altar of Makhleb.
  8766 | D:7      | Found a radiant altar of Vehumet.
  9937 | D:8      | Reached skill level 10 in Translocations
  9940 | D:8      | HP: 14/96 [orc warrior/+0 glaive (14)]
 10257 | D:8      | Found an iron altar of Okawaru.
 10269 | D:8      | Found a staircase to the Lair.
 10285 | D:8      | HP: 24/96 [warg (7)]
 10292 | D:8      | Reached XP level 10. HP: 24/104 MP: 3/13
 10293 | D:8      | HP: 24/104 [orc wizard/+0 dagger (1)]
 10561 | D:8      | Noticed a rust devil
 10561 | D:8      | Reached * piety under the Shining One
 10562 | D:8      | Noticed a rust devil
 10625 | D:8      | Reached skill level 11 in Translocations
 10976 | D:8      | Reached skill level 3 in Dodging
 11310 | D:8      | Reached skill level 4 in Dodging
 11424 | D:8      | Identified the +4 war axe of Havoc {elec, rC+}
 11774 | D:8      | HP: 12/83 [wyvern (14)]
 12057 | D:9      | Noticed Psyche
 12059 | D:9      | Paralysed by a hornet for 2 turns
 12065 | D:8      | HP: 17/88 [hornet (7)]
 12262 | D:8      | Killed Psyche
 12263 | D:8      | Reached skill level 5 in Dodging
 12506 | D:9      | Reached ** piety under the Shining One
 12722 | D:9      | Reached skill level 6 in Dodging
 13545 | Lair:1   | Entered Level 1 of the Lair of Beasts
 13545 | Lair:1   | Noticed a cane toad
 13554 | Lair:1   | Killed a cane toad
 13555 | Lair:1   | Reached skill level 7 in Dodging
 13873 | Lair:1   | Noticed a cane toad
 13992 | Lair:1   | Killed a cane toad
 14195 | Lair:1   | Reached XP level 11. HP: 97/111 MP: 2/14
 14197 | Lair:1   | Reached skill level 8 in Dodging
 14205 | Lair:1   | HP: 27/111 [wolf (3)]
 14208 | Lair:1   | HP: 10/111 [wolf (9)]
 14645 | Lair:1   | HP: 25/111 [komodo dragon (22)]
 14648 | Lair:1   | HP: 5/111 [komodo dragon (17)]
 15329 | Lair:1   | Reached skill level 9 in Dodging
 15739 | Lair:1   | Identified the +6 chain mail of the Will of the Gods {rC-
                  | Str+4 SInv}
 16063 | Lair:1   | Reached skill level 10 in Dodging
 16317 | Lair:2   | Reached skill level 1 in Invocations
 16329 | Lair:2   | You pick up a book of Beasts and begin reading...
 16329 | Lair:2   | You add the spells Summon Ice Beast, Summon Mana Viper and
                  | Monstrous Menagerie to your library.
 16337 | Lair:2   | HP: 23/111 [poisoned by a black mamba]
 16337 | Lair:2   | HP: 6/111 [black mamba (17)]
 16340 | Lair:2   | Reached skill level 2 in Invocations
 16342 | Lair:2   | HP: 14/113 [poisoned by a black mamba]
 16347 | Lair:2   | HP: 11/113 [poisoned by a black mamba]
 16643 | Lair:2   | Found a transporter.
 16930 | Lair:2   | Identified the +1 robe "Lestro" {Dex+3}
 17060 | Lair:2   | Reached skill level 3 in Invocations
 17131 | Lair:2   | Reached skill level 9 in Fighting
 17215 | Lair:2   | Found a transporter.
 17216 | Lair:2   | Found the +3 hat of Pondering {ponderous, Will+ MP+10
                  | Int+5}
 17219 | Lair:2   | Noticed a swamp dragon
 17219 | Lair:2   | Noticed a swamp dragon
 17219 | Lair:2   | Noticed a swamp dragon
 17326 | Lair:2   | Reached *** piety under the Shining One
 17336 | Lair:2   | Reached skill level 4 in Invocations
 17613 | Lair:2   | Identified the +0 cloak of Amorality {rF- rN++ Str+3}
 17651 | Lair:2   | Reached skill level 7 in Maces & Flails
 17969 | Lair:3   | Reached XP level 12. HP: 69/126 MP: 2/15
 18076 | Lair:3   | Noticed a death yak
 18077 | Lair:3   | Noticed a death yak
 18078 | Lair:3   | Noticed a death yak
 18170 | Lair:3   | Noticed a six-headed hydra
 18190 | Lair:3   | Killed a six-headed hydra
 18191 | Lair:3   | Reached skill level 10 in Fighting
 18191 | Lair:3   | Reached skill level 5 in Invocations
 18468 | Lair:3   | Found a staircase to the Shoals.
 18765 | Lair:3   | Reached skill level 8 in Maces & Flails
 18765 | Lair:3   | Reached skill level 6 in Invocations
 19170 | Lair:3   | Reached skill level 11 in Fighting
 19434 | Lair:3   | Noticed a demonic crawler
 19458 | Lair:3   | HP: 23/130 [demonic crawler (11)]
 19462 | Lair:3   | HP: 11/130 [demonic crawler (6)]
 19462 | Lair:3   | HP: 5/130 [demonic crawler (6)]
 19466 | Lair:3   | You pick up a book of Callings and begin reading...
 19466 | Lair:3   | You add the spells Summon Small Mammal, Call Canine
                  | Familiar and Summon Blazeheart Golem to your library.
 19495 | Lair:3   | Reached skill level 7 in Invocations
 19500 | Lair:3   | HP: 30/130 [yak (5)]
 19507 | Lair:3   | HP: 28/130 [yak (5)]
 19542 | Lair:3   | HP: 28/130 [wolf (8)]
 19548 | Lair:3   | HP: 25/130 [wolf (6)]
 19931 | Lair:3   | Killed a death yak
 19958 | Lair:3   | Found a hole to the Spider Nest.
 20041 | Lair:3   | HP: 27/130 [wind drake/the air (20)]
 20600 | Lair:3   | Reached skill level 9 in Maces & Flails
 20981 | Lair:2   | Killed a death yak
 21224 | Lair:3   | Reached skill level 8 in Invocations
 21377 | Lair:2   | Killed a death yak
 21378 | Lair:2   | Reached skill level 12 in Fighting
 21496 | Lair:4   | Noticed a skyshark
 21514 | Lair:4   | HP: 33/132 [skyshark (5)]
 21515 | Lair:4   | Killed a skyshark
 21936 | Lair:4   | Reached XP level 13. HP: 141/141 MP: 19/19
 22381 | Lair:4   | You fall into a shaft and drop 1 floor!
 22381 | Lair:5   | Entered Level 5 of the Lair of Beasts
 22394 | Lair:5   | HP: 34/141 [skyshark (9)]
 22396 | Lair:5   | Reached skill level 9 in Invocations
 22790 | Lair:4   | Found a staircase to the Slime Pits.
 22808 | Lair:4   | HP: 26/141 [cane toad (16)]
 22815 | Lair:4   | Reached skill level 13 in Fighting
 22815 | Lair:4   | Reached skill level 10 in Maces & Flails
 23534 | Lair:4   | Reached **** piety under the Shining One
 23540 | Lair:4   | You pick up a book of Minor Magic and begin reading...
 23540 | Lair:4   | You add the spells Magic Dart and Call Imp to your library.
 23864 | Lair:4   | You add the spells Arcjolt and Maxwell's Capacitive
                  | Coupling to your library.
 23877 | Lair:4   | Learned a level 4 spell: Passage of Golubria
 23957 | Lair:4   | Reached skill level 10 in Invocations
 23973 | Lair:4   | HP: 35/144 [yak (12)]
 23978 | Lair:4   | HP: 25/144 [yak (10)]
 24264 | Lair:4   | You add the spells Frozen Ramparts, Lehudib's Crystal Spear
                  | and Shatter to your library.
 24264 | Lair:4   | Got the Precepts of Congealing Orogeny
 24291 | Lair:4   | You pick up a book of Hexes and begin reading...
 24291 | Lair:4   | You add the spells Anguish, Cause Fear and Enfeeble to your
                  | library.
 24836 | Lair:4   | Found a blossoming altar of Fedhas.
 25407 | D:10     | Entered Level 10 of the Dungeon
 25472 | D:10     | Reached skill level 14 in Fighting
 25979 | D:10     | Found a portal to a secret trove of treasure.
 26365 | D:10     | Found a runed translucent gate.
 26365 | D:10     | Found a runed translucent gate.
 26365 | D:10     | Found a runed translucent gate.
 26717 | D:10     | Reached skill level 11 in Maces & Flails
 27438 | D:11     | Noticed Josephine
 27454 | D:11     | Killed Josephine
 27455 | D:11     | Reached skill level 2 in Throwing
 27747 | D:11     | Reached XP level 14. HP: 156/157 MP: 2/22
 27914 | D:11     | Reached skill level 3 in Throwing
 28146 | D:12     | Reached ***** piety under the Shining One
 28409 | D:12     | Found a frozen archway.
 28431 | IceCv    | Entered an ice cave
 28797 | IceCv    | Reached skill level 15 in Fighting
 29010 | IceCv    | Reached skill level 4 in Throwing
 29430 | IceCv    | HP: 39/159 [harpy simulacrum (4)]
 29976 | D:12     | Noticed Lodul
 30039 | D:12     | Reached skill level 12 in Maces & Flails
 30040 | D:12     | Killed Lodul
 30041 | D:12     | Reached skill level 5 in Throwing
 30582 | D:12     | Found a staircase to the Orcish Mines.
 30595 | D:12     | Reached ****** piety under the Shining One
 31015 | D:12     | Identified the +2 leather armour of Inevitability {Dex+4}
 31294 | Orc:1    | Entered Level 1 of the Orcish Mines
 31663 | Orc:1    | Reached skill level 16 in Fighting
 31668 | Orc:1    | Reached skill level 6 in Throwing
 32319 | Orc:1    | Found a large runed translucent door.
 32367 | Orc:1    | Paralysed by an orc sorcerer for 5 turns
 32562 | Orc:1    | Found a large runed translucent door.
 32566 | Orc:1    | Noticed hattop's ghost (novice FeSu)
 32577 | Orc:1    | Killed hattop's ghost
 32716 | Orc:2    | Entered Level 2 of the Orcish Mines
 33433 | Orc:2    | HP: 34/162 [orc knight/+2 glaive (19)]
 33724 | Orc:2    | Found a staircase to the Elven Halls.
 33894 | Orc:2    | Noticed an orc warlord
 33908 | Orc:2    | Killed an orc warlord
 34290 | Orc:2    | HP: 35/163 [ogre/+0 giant club (12)]
 34290 | Orc:2    | HP: 9/163 [two-headed ogre/+0 giant club (25)]
 35094 | Orc:2    | Reached skill level 7 in Throwing
 35134 | Orc:2    | Reached XP level 15. HP: 170/171 MP: 23/23
 35442 | Orc:2    | Reached skill level 13 in Maces & Flails
 35744 | Orc:2    | Found Faotan Pekh's Magic Scroll Emporium.
 35749 | Orc:2    | Bought a scroll of identify for 24 gold pieces
 35749 | Orc:2    | Bought a scroll of identify for 24 gold pieces
 35749 | Orc:2    | Bought a scroll of identify for 24 gold pieces
 36250 | Orc:2    | Found Korrouv's Weapon Shoppe.
 36609 | Orc:2    | Reached skill level 17 in Fighting
 36636 | Orc:2    | Noticed an orc warlord
 36682 | Orc:2    | Killed an orc warlord
 36987 | Orc:2    | Found Soiv's Antique Weapon Emporium.
 36988 | Orc:2    | Found Vefejut's Antique Armour Shoppe.
 37056 | Elf:1    | Entered Level 1 of the Elven Halls
 37068 | Orc:2    | HP: 40/174 [deep elf zephyrmancer/bolt of lightning (35)]
 37347 | Elf:1    | Noticed a deep elf sorcerer
 37357 | Elf:1    | Killed a deep elf sorcerer
 37362 | Elf:1    | Reached skill level 8 in Throwing
 37443 | Elf:1    | HP: 36/174 [deep elf zephyrmancer/bolt of lightning (30)]
 37452 | Elf:1    | HP: 34/174 [deep elf zephyrmancer/+0 rapier (6)]
 37459 | Elf:1    | HP: 25/174 [deep elf zephyrmancer/bolt of lightning (13)]
 38024 | Elf:1    | Found Oheeb's Antique Weapon Shop.
 38143 | Elf:1    | HP: 39/174 [deep elf archer/arrow (16)]
 39249 | Elf:1    | Reached skill level 9 in Throwing
 39261 | Elf:1    | Reached skill level 18 in Fighting
 39438 | Elf:1    | Reached skill level 14 in Maces & Flails
 39728 | Elf:1    | HP: 41/176 [deep elf knight/+0 long sword (18)]
 39730 | Elf:1    | Killed from afar by a deep elf knight

Vanquished Creatures
  A deep elf sorcerer (Elf:1)
  2 orc warlords (Orc:2)
  Josephine (D:11)
  A peacekeeper (Elf:1)
  A hydra (Lair:3)
  An ogre mage (Orc:2)
  6 two-headed ogres
  A boulder beetle (D:11)
  5 death yaks
  2 dancing weapons (Elf:1)
  6 deep elf knights (Elf:1)
  2 skysharks
  Lodul (D:12)
  The ghost of hattop the Summoner, a novice FeSu of Gozag (Orc:1)
  5 deep elf archers (Elf:1)
  A bog body (IceCv)
  A necromancer (IceCv)
  6 orc knights
  An oklob plant (Lair:4)
  10 deep elf zephyrmancers
  2 orc sorcerers
  14 deep elf pyromancers
  5 manticores
  A cyclops (D:12)
  An ugly thing (D:12)
  3 meliai (Lair:4)
  6 elephants
  A guardian serpent (Elf:1)
  3 black mambas
  2 ice statues (IceCv)
  6 kobold blastminers
  A gargoyle (D:10)
  A torpor snail (Lair:4)
  Jeremiah (D:6)
  11 cane toads
  4 rime drakes
  8 komodo dragons
  7 ice devils (IceCv)
  Psyche (D:8)
  2 anaconda simulacra (IceCv)
  5 trolls
  3 polar bears
  A wind drake (Lair:3)
  A queen bee (Lair:4)
  A hornet (D:8)
  2 saltlings (Elf:1)
  2 blink frogs (Lair:4)
  A centaur simulacrum (D:12)
  A vampire (D:12)
  5 wraiths
  A dire elephant simulacrum (IceCv)
  7 slime creatures
  5 wyverns
  A fire elemental (Elf:1)
  2 water elementals (D:12)
  25 yaks
  9 wargs
  2 steam dragons
  A basilisk (Lair:4)
  3 vampire mosquitoes (D:11)
  3 harpy simulacra (IceCv)
  An acid dragon (D:10)
  25 water moccasins
  4 hydra simulacra (IceCv)
  2 ice beasts (D:12)
  38 orc warriors
  5 black bears
  24 ogres
  5 centaurs
  20 wolves
  2 phantoms (D:5)
  5 kobold brigands
  Blork the orc (D:6)
  8 bullfrogs
  5 gnoll sergeants
  7 scorpions
  A cane toad simulacrum (IceCv)
  A two-headed ogre simulacrum (IceCv)
  30 wights
  An elephant simulacrum (IceCv)
  31 killer bees (Lair:4)
  4 electric eels
  A crimson imp (D:7)
  A bombardier beetle (D:7)
  3 jellies
  4 hounds
  15 orc priests
  2 sleepcaps (D:5)
  A gnoll bouda (D:10)
  Crazy Yiuf (D:6)
  Ijyb (D:3)
  Jessica (D:2)
  22 orc wizards
  3 iguanas
  A hell rat (Lair:4)
  A wolf simulacrum (IceCv)
  32 gnolls
  19 adders
  A naga simulacrum (IceCv)
  A shadow imp (D:5)
  2 white imps
  3 ufetubi (D:12)
  5 dart slugs
  3 ribbon worms (Lair:3)
  97 orcs
  4 ball pythons
  6 endoplasms
  6 giant cockroaches
  7 goblins
  6 hobgoblins
  4 jackals (D:1)
  5 quokkas
  5 bats (D:1)
  28 kobolds
  8 rats
735 creatures vanquished.

Vanquished Creatures (others)
  An orc wizard (D:7)
1 creature vanquished.

Grand Total: 736 creatures vanquished

Table legend:
 A = Non-vault XP
 B = Vault XP
 C = Vault XP percentage of total XP
 D = Non-vault monster count
 E = Vault monster count
 F = Vault count percentage of total count
                 A         B        C        D         E       F
            +---------+---------+-------+---------+---------+-------
      Total |   72666 |   49325 |  40.4 |     443 |     293 |  39.8
            +---------+---------+-------+---------+---------+-------
        D:1 |      54 |       5 |   8.5 |      22 |       4 |  15.4
        D:2 |      42 |      39 |  48.1 |      17 |       2 |  10.5
        D:3 |      88 |      38 |  30.2 |      11 |       1 |   8.3
        D:4 |      57 |       0 |   0.0 |      10 |       0 |   0.0
        D:5 |     526 |     386 |  42.3 |      13 |       9 |  40.9
        D:6 |    1343 |     527 |  28.2 |      32 |       3 |   8.6
        D:7 |     789 |      50 |   6.0 |      26 |       1 |   3.7
        D:8 |    2072 |     918 |  30.7 |      30 |      10 |  25.0
        D:9 |    1316 |       0 |   0.0 |      26 |       0 |   0.0
       D:10 |    2866 |       0 |   0.0 |      20 |       0 |   0.0
       D:11 |    4129 |    1531 |  27.0 |      32 |       4 |  11.1
       D:12 |    5895 |    3924 |  40.0 |      26 |      38 |  59.4
     Lair:1 |    2160 |    2951 |  57.7 |      12 |      32 |  72.7
     Lair:2 |    4887 |    1649 |  25.2 |      13 |       7 |  35.0
     Lair:3 |    8099 |    2395 |  22.8 |      29 |      14 |  32.6
     Lair:4 |    4268 |   11503 |  72.9 |      16 |      58 |  78.4
     Lair:5 |     765 |       0 |   0.0 |       1 |       0 |   0.0
      Orc:1 |    4906 |     700 |  12.5 |      36 |       1 |   2.7
      Orc:2 |    7691 |   10370 |  57.4 |      40 |      73 |  64.6
      Elf:1 |   20713 |    5505 |  21.0 |      31 |      10 |  24.4
      IceCv |       0 |    6834 | 100.0 |       0 |      26 | 100.0
            +---------+---------+-------+---------+---------+-------

Skill      XL: |  1  2  3  4  5  6  7  8  9 10 11 12 13 14 15 |
---------------+----------------------------------------------+-----
Fighting       | 3 4 5 7 8 9 12 14 16 18 | 18.1
Maces & Flails | 3 4 5 6 7 9 11 12 14 | 14.0
Translocations | 3 8 10 11 | 11.0
Dodging        | 7 10 | 10.0
Invocations    | 4 8 10 | 10.8
Throwing       | 2 7 9 |  9.3
Spellcasting   | |  2.4

Action                     |  1- 3 |  4- 6 |  7- 9 | 10-12 | 13-15 || total
---------------------------+-------+-------+-------+-------+-------++-------
  Melee: Mace              |   104 |   159 |    64 |       |       ||   327
         Headbutt          |    14 |    24 |    51 |   190 |   236 ||   515
         Punch             |     2 |     9 |    12 |    66 |    58 ||   147
         Flail             |       |    11 |   268 |   767 |   631 ||  1677
         Giant club        |       |       |       |       |   676 ||   676
         Giant spiked club |       |       |       |       |    55 ||    55
         Great mace        |       |       |       |       |     2 ||     2
  Throw: Dart              |       |       |       |     3 |    28 ||    31
         Boomerang         |       |       |       |       |     8 ||     8
   Cast: Blink             |       |       |     1 |    10 |     6 ||    17
         Manifold Assault  |       |       |    19 |    78 |   312 ||   409
 Invoke: Divine Shield     |       |       |       |     2 |       ||     2
  Evoke: Wand              |       |       |       |     7 |     1 ||     8
         Phial of floods   |       |       |       |       |     1 ||     1
    Use: Potion            |       |     3 |       |     5 |     2 ||    10
         Scroll            |       |       |     9 |     7 |    19 ||    35
   Stab: Sleeping          |       |     1 |       |       |       ||     1
 Armour: Robe              |    95 |   127 |   326 |   732 |   507 ||  1787
         Skin              |       |     3 |       |       |    11 ||    14
         Troll leather arm |       |       |       |       |   244 ||   244
  Dodge: Dodged            |    76 |    91 |   163 |   522 |   543 ||  1395
         Repelled          |     1 |     3 |     1 |     2 |       ||     7
  Block: Other             |       |       |       |    19 |       ||    19

Illustrated notes

Table legend:
 A = Kills in this place as a percentage of kills in the entire game.
 B = Kills by you in this place as a percentage of kills by you in the entire game.
 C = Kills by friends in this place as a percentage of kills by friends in the entire game.
 D = Other kills in this place as a percentage of other kills in the entire game.
 E = Experience gained in this place as a percentage of experience gained in the entire game.
 F = Experience gained in this place divided by the number of levels of this place that you have seen.
                   A       B       C       D       E      F
               +-------+-------+-------+-------+-------+----------------------
         Total | 100.0 | 100.0 |   N/A | 100.0 | 100.0 | 5545.0
       Dungeon |  45.8 |  45.7 |   N/A | 100.0 |  21.8 | 2216.2
          Lair |  24.7 |  24.8 |   N/A |   0.0 |  31.7 | 7735.4
  Orcish Mines |  20.4 |  20.4 |   N/A |   0.0 |  19.4 | 11833.5
   Elven Halls |   5.6 |   5.6 |   N/A |   0.0 |  21.5 | 26218.0
      Ice Cave |   3.5 |   3.5 |   N/A |   0.0 |   5.6 | 6834.0
               +-------+-------+-------+-------+-------+----------------------

Table legend: (Time is in decaauts)
 A = Elapsed time spent in this place.
 B = Non-inter-level travel time spent in this place.
 C = Inter-level travel time spent in this place.
 D = Time resting spent in this place.
 E = Time spent auto-exploring this place.
 F = Levels seen in this place.
 G = Mean time per level.
                   A        B        C        D        E       F      G
               +--------+--------+--------+--------+--------+-----+--------+
         Total |  39825 |  38439 |   1386 |  17437 |  13452 |  22 | 1810.2 |
       Dungeon |  19225 |  18329 |    896 |   6298 |   9105 |  12 | 1602.1 |
        Temple |     32 |      1 |     31 |      0 |      0 |   1 |   32.0 |
          Lair |  11371 |  11047 |    324 |   6262 |   1822 |   5 | 2274.2 |
  Orcish Mines |   5704 |   5570 |    134 |   2891 |   1809 |   2 | 2852.0 |
   Elven Halls |   2108 |   2108 |      0 |   1038 |    643 |   1 | 2108.0 |
      Ice Cave |   1382 |   1382 |      0 |    948 |     73 |   1 | 1382.0 |
               +--------+--------+--------+--------+--------+-----+--------+

Top non-repeatable levels by time:
   Orc:2: 4425 daAuts
  Lair:4: 3122 daAuts
  Lair:3: 2940 daAuts
     D:8: 2911 daAuts
  Lair:2: 2582 daAuts
  Lair:1: 2453 daAuts
    D:12: 2282 daAuts
   Elf:1: 2108 daAuts
     D:6: 2038 daAuts
     D:5: 1909 daAuts
     D:7: 1767 daAuts
    D:10: 1435 daAuts
    D:11: 1385 daAuts
   IceCv: 1382 daAuts
   Orc:1: 1279 daAuts
